 Dungeon Crawl Stone Soup version 0.30-a0-457-g4b7bca3bfa (webtiles) character file.

Game seed: 15397209762146015108

55 Brandom the Grasshopper (level 3, -6/31 HPs)
             Began as an Armataur Warper on Dec 13, 2022.
             Mangled by Terence
             ... wielding a +0 flail
              (8 damage)
             ... on level 2 of the Dungeon.
             The game lasted 00:02:47 (891 turns).

Brandom the Grasshopper (Armataur Warper)            Turns: 891, Time: 00:02:48

Health: -6/31      AC:  5    Str: 16    XL:     3   Next: 67%
Magic:  6/6        EV:  8    Int: 15    God:
Gold:   144        SH:  0    Dex:  9    Spells: 6/6 levels left

rFire   . . .      SeeInvis .    j - +0 long sword
rCold   . . .      Faith    .    (no shield)
rNeg    . . .      Spirit   .    l - +0 ring mail
rPois   .          Reflect  .    (no helmet)
rElec   .          Harm     .    (no cloak)
rCorr   .          Roll     +    (no gloves)
Will    .....                    (no barding)
Stlth   ..........               (no amulet)
HPRegen 0.25/turn                (no ring)
MPRegen 0.10/turn                (no ring)

@: no status effects
A: large, rugged brown scales 3, deformed body, armoured tail, roll, long
tongue, awkward tongue
a: no special abilities


You were on level 2 of the Dungeon.
You visited 1 branch of the dungeon, and saw 2 of its levels.

You collected 144 gold pieces.

Inventory:

Hand Weapons
 a - a +0 falchion
 j - a +0 long sword (weapon)
   (You found it on level 1 of the Dungeon)
Missiles
 d - 7 boomerangs of dispersal (quivered) {!f}
 f - a throwing net {!f}
Armour
 b - a +0 leather armour
 h - a +0 plate armour
   (You found it on level 1 of the Dungeon)
 k - a +0 scale mail
   (You found it on level 1 of the Dungeon)
 l - a +0 ring mail (worn)
   (You found it on level 2 of the Dungeon)
Scrolls
 c - a scroll of blinking
 e - a scroll of immolation {unknown}
 g - 4 scrolls of teleportation {unknown}
 i - a scroll of summoning {unknown}


   Skills:
 + Level 2.2 Fighting
 + Level 2.3 Long Blades
 - Level 0.8 Throwing
 + Level 2.1 Armour
 + Level 1.7 Dodging
 - Level 2.0 Spellcasting
 + Level 3.3 Translocations


You had 6 spell levels left.
You didn't know any spells.
Your spell library contained the following spells:

 Spells                   Type           Power      Damage    Failure   Level
 Blink                    Tloc           22%        N/A       16%         2
 Lesser Beckoning         Tloc           22%        N/A       30%         3
 Teleport Other           Tloc           11%        N/A       30%         3
 Vhi's Electric Charge    Tloc/Air       12%        N/A       52%         3
 Manifold Assault         Tloc           11%        N/A       71%         4


Dungeon Overview and Level Annotations

Branches:
Dungeon (2/15)

Altars:

Annotations:
D:2 Terence


Innate Abilities, Weirdness & Mutations

You are completely covered in rugged brown scales. (AC +3, +7% HP)
Armour fits poorly on your strangely shaped body.
You have a long armoured tail.
You roll when moving toward enemies. (Rampage)
Your long tongue fully drains potion bottles. (2x potion effects)
Your tongue gives you trouble enunciating. (1.5x scroll delay)


Message History

You closely miss the adder.
The endoplasm quivers.
The adder bites you but does no damage. The adder bites you.
You are poisoned.
The adder poisons you!
You closely miss the adder.
You feel very sick. The adder bites you.
The adder bites you but does no damage.
You closely miss the adder.
You feel sick. The adder bites you.
You miss the adder.
You feel sick. The adder bites you but does no damage. The adder bites you.
* * * LOW HITPOINT WARNING * * *
You are more poisoned.
The adder poisons you!
You slurp down every last drop of the glowing clear potion!
It was a potion of curing.
You feel better. The adder bites you but does no damage.
The adder attacks as you move away! The adder barely misses you.
You miss the adder. The adder closely misses you. The adder barely misses you.
You slash the adder!
You kill the adder!
The adder closely misses you.
Your Armour skill increases to level 2!
You miss the adder. You tail-slap the adder! The adder closely misses you.
You slash the adder!
You kill the adder!
You hit Terence but do no damage. Terence hits you with a +0 flail.
You hit Terence. Terence hits you with a +0 flail. Terence barely misses you.
You barely miss Terence. Terence hits you with a +0 flail.
You hit Terence.
Your tail-slap misses Terence.
A ball python comes into view.
Terence hits you but does no damage.
The ball python hisses angrily.
You hit Terence. Terence hits you with a +0 flail. x2
* * * LOW HITPOINT WARNING * * *
You hit Terence but do no damage. Terence hits you but does no damage.
You hit Terence. Terence barely misses you.
You hit Terence but do no damage. Terence barely misses you. x2
You hit Terence but do no damage. Terence barely misses you.
You hit Terence but do no damage. Terence hits you with a +0 flail.
* * * LOW HITPOINT WARNING * * *
Unknown command.
You hit Terence. Terence barely misses you.
You hit Terence but do no damage. Terence hits you with a +0 flail.
* * * LOW HITPOINT WARNING * * *
Terence hits you with a +0 flail!
* * * LOW HITPOINT WARNING * * *
You barely miss Terence. Terence barely misses you.
You hit Terence but do no damage. Terence hits you with a +0 flail!
You die...

##.###......... #
##.###..###### ##@.
...#....|..# #...
#..#.#####.########..#
#....# #.......#(..#
.....# #.....SlJ[..#
.....# #.#####l###.#
..#..#####.# #@#
..#........# #@#
......)##### #.#
....#### #.# #†### #.#
#.# #.# #.### #!#
#...# #.# ###.# #.#
#.#


You could see Terence, an endoplasm, a ball python and 2 frilled lizards.

Vanquished Creatures
  4 adders (D:2)
  3 endoplasms (D:1)
  A goblin (D:1)
  4 hobgoblins (D:2)
  A jackal (D:2)
  2 ball pythons (D:1)
  2 kobolds (D:1)
  3 rats (D:1)
  A toadstool (D:1)
21 creatures vanquished.

Vanquished Creatures (others)
  4 plants (D:1)
  5 toadstools (D:1)
  2 withered plants (D:1)
11 creatures vanquished.

Grand Total: 32 creatures vanquished

Notes
Turn   | Place    | Note
-------+----------+-------------------------------------------
     0 | D:1      | Brandom the Armataur Warper began the quest for the Orb.
     0 | D:1      | Reached XP level 1. HP: 18/18 MP: 3/3
   480 | D:1      | Found a faded altar of an unknown god.
   659 | D:1      | Reached XP level 2. HP: 25/25 MP: 4/4
   781 | D:2      | Reached XP level 3. HP: 21/31 MP: 6/6
   858 | D:2      | Noticed Terence
   889 | D:2      | HP: 1/31 [Terence/+0 flail (7)]
   891 | D:2      | Mangled by Terence

Illustrated notes

Levels and vault maps discovered:
D:1:      dpeg_chamrin_arrival_tetris, layout_basic,
          shapermc_ecumenical_altar_flowoftime, minmay_gold_behind_fungi
D:2:      layout_loops_ring, minmay_cupped, uniq_terence, uniq_natasha,
          uniq_jessica, uniq_crazy_yiuf_cottage

Skill      XL: |  1  2  3 |
---------------+----------+-----
Long Blades    | 2 |  2.3
Fighting       | 2 |  2.2
Spellcasting   | 2 |  2.0
Armour         | 2 |  2.1
Throwing       | |  0.8
Dodging        | |  1.7
Translocations | |  3.3

Action                   || total
-------------------------++-------
Melee: Long sword        ||    83
       Falchion          ||    16
       Tailslap          ||    13
       Punch             ||     1
  Use: Potion            ||     1
Armor: Leather armour    ||     9
       Ring mail         ||    26
Dodge: Dodged            ||    37

Table legend: (Time is in decaauts)
 A = Elapsed time spent in this place.
 B = Non-inter-level travel time spent in this place.
 C = Inter-level travel time spent in this place.
 D = Time resting spent in this place.
 E = Time spent auto-exploring this place.
 F = Levels seen in this place.
 G = Mean time per level.
                   A        B        C        D        E       F      G
               +--------+--------+--------+--------+--------+-----+--------+
         Total |    918 |    910 |      8 |      0 |    667 |   2 |  459.0 |
       Dungeon |    918 |    910 |      8 |      0 |    667 |   2 |  459.0 |
               +--------+--------+--------+--------+--------+-----+--------+

Top non-repeatable levels by time:
     D:1: 755 daAuts
     D:2: 163 daAuts
